 Dungeon Crawl Stone Soup version 0.26-a0-712-ga5a9c9c9d0 (webtiles) character file.

Game seed: 7706971258316973543

127 kae the Ruffian (level 5, 0/44 HPs)
             Began as a Naga Transmuter on Nov 4, 2020.
             Slain by Eustachio
             ... wielding a +3 rapier of draining
              (2 damage)
             ... on level 4 of the Dungeon.
             The game lasted 00:02:30 (3633 turns).

kae the Ruffian (Naga Transmuter)                   Turns: 3633, Time: 00:02:31

Health: 0/44       AC:  2    Str: 11 (13) XL:     5   Next: 11%
Magic:  5/8        EV:  9    Int: 12 (14) God:
Gold:   172        SH:  0    Dex:  9 (11) Spells: 5/9 levels left

rFire    . . .     SeeInvis +     - Unarmed
rCold    . . .     Faith    .   (no shield)
rNeg     . . .     Spirit   .   a - +0 robe
rPois    +         Reflect  .   (no helmet)
rElec    .         Harm     .   (no cloak)
rCorr    .         Rampage  .   (no gloves)
MR       .....                  (no barding)
Stlth    +.........             (no amulet)
HPRegen  0.14/turn              (no ring)
MPRegen  0.11/turn              (no ring)

@: short of breath, drained, very slow
A: large, see invisible, deformed body, poison resistance, slowness 2, spit
poison 1, AC +1
a: Spit Poison


You were on level 4 of the Dungeon.
You visited 1 branch of the dungeon, and saw 4 of its levels.

You collected 172 gold pieces.

Inventory:

Armour
 a - a +0 robe (worn)
Jewellery
 k - an uncursed ring of resist corrosion {unknown}
 l - an uncursed ring of protection from fire {unknown}
 n - an uncursed ring of protection from magic {unknown}
 o - an uncursed ring of protection from cold {unknown}
Wands
 m - a wand of flame (14)
Scrolls
 b - a scroll of fear {unknown}
 c - 4 scrolls of identify {unknown}
 d - 2 scrolls of blinking {unknown}
 e - 3 scrolls of enchant armour {unknown}
 i - a scroll of teleportation {unknown}
 q - a scroll of remove curse {unknown}
Potions
 f - a potion of cancellation {unknown}
 g - a potion of might {unknown}
 h - a potion of heal wounds
 j - 2 potions of curing
 p - a potion of haste {unknown}


   Skills:
 - Level 1.0(0.1) Fighting
 - Level 1.5(0.7) Dodging
 + Level 3.6(2.7) Unarmed Combat
 * Level 2.6(1.7) Spellcasting
 * Level 3.6(2.7) Transmutations
 * Level 2.3(1.4) Poison Magic


You had 5 spell levels left.
You knew the following spells:

 Your Spells              Type           Power        Failure   Level
a - Beastly Appendage     Tmut           #.....       10%         1
b - Spider Form           Tmut/Pois      #.........   34%         3

Your spell library contained the following spells:

 Spells                   Type           Power        Failure   Level
 Wereblood                Tmut           #.......     14%         2
 Ice Form                 Ice/Tmut       #.......     85%         4
 Blade Hands              Tmut           #.........   95%         5


Dungeon Overview and Level Annotations

Branches:
Dungeon (4/15)
 Temple: D:4-7

Altars:
Kikubaaqudgha
Trog
Uskayaw

Annotations:
D:3 exclusion: upstairs
D:4 Eustachio


Innate Abilities, Weirdness & Mutations

You cannot wear boots.
Your serpentine skin is tough. (AC +1)
You have supernaturally acute eyesight. (SInv)
Armour fits poorly on your strangely shaped body.
Your system is resistant to poisons. (rPois)
You cover ground very slowly.
You can spit poison.


Message History

You hit Eustachio but do no damage.
Eustachio hits you with a +3 rapier of draining!
You feel drained.
You hit Eustachio.
Eustachio is poisoned.
Eustachio is lightly wounded.
Eustachio misses you.
You hit Eustachio.
Eustachio is lightly wounded.
Eustachio hits you with a +3 rapier of draining!
* * * LOW HITPOINT WARNING * * *
You feel drained.
* * * LOW HITPOINT WARNING * * *
You bite Eustachio!
Eustachio looks as sick as possible!
Eustachio is moderately wounded.
Your transformation has ended.
Your +0 robe unmelds from your body.
Eustachio hits you with a +3 rapier of draining.
* * * LOW HITPOINT WARNING * * *
You feel drained.
You die...

..##
5@.....
##.##
.....
##.#
..... #.#
...# ##.#
.gl#
##.## #..
..## #.#
.##
####5# .#
#.#.@@.#
.#
#.#.####
.# #.#.#
.# #.#.#
## #.#.#
#.#†#
##.#.####
#.......#
#'#####.#


You could see Eustachio (extremely poisoned) and a shadow imp (summoned).

Vanquished Creatures
  5 gnolls
  An adder (D:2)
  A worm (D:2)
  A dart slug (D:2)
  4 leopard geckos
  An orc (D:3)
  A giant cockroach (D:3)
  A goblin (D:3)
  6 hobgoblins
  11 jackals
  10 bats
  4 frilled lizards
  7 kobolds
  6 rats
59 creatures vanquished.

Vanquished Creatures (others)
  A fungus (D:3)
  2 withered plants (D:2)
3 creatures vanquished.

Grand Total: 62 creatures vanquished

Notes
Turn   | Place    | Note
-------+----------+-------------------------------------------
     0 | D:1      | kae the Naga Transmuter began the quest for the Orb.
     0 | D:1      | Reached XP level 1. HP: 18/18 MP: 3/3
    27 | D:1      | You fall into a shaft and drop 1 floor!
   320 | D:1      | Reached XP level 2. HP: 21/25 MP: 3/5
  1051 | D:2      | Reached XP level 3. HP: 20/31 MP: 4/6
  1173 | D:2      | Learned a level 3 spell: Spider Form
  1197 | D:2      | Found an ancient bone altar of Kikubaaqudgha.
  1459 | D:2      | Reached skill level 1 in Poison Magic
  2092 | D:2      | Found a bloodstained altar of Trog.
  2144 | D:3      | Reached XP level 4. HP: 38/38 MP: 5/7
  3125 | D:3      | Noticed a +0 dagger
  3126 | D:3      | Found a hide-covered altar of Uskayaw.
  3126 | D:3      | Noticed a +0 hand axe
  3587 | D:4      | Reached XP level 5. HP: 44/44 MP: 8/8
  3596 | D:4      | Noticed Eustachio
  3633 | D:4      | HP: 2/44 [Eustachio/+3 rapier of draining (6)]
  3633 | D:4      | Slain by Eustachio

Illustrated notes

Levels and vault maps discovered:
D:1:      dpeg_arrival_radiant, layout_loops_cross
D:2:      layout_rooms, kiku_gazebo_garden_becter,
          nicolae_overflow_hidden_temple, kennysheep_generic_room_4
D:3:      layout_loops_corners, dancing_weapons_uskayaw,
          minmay_misc_feat_plants, roderic_lattice_a
D:4:      layout_loops_ring, kennysheep_generic_room_13, uniq_eustachio

Skill      XL: |  1  2  3  4 |
---------------+-------------+-----
Transmutations | 3 |  3.6
Poison Magic   | 1 2 |  2.3
Fighting       | |  1.0
Dodging        | |  1.5
Unarmed Combat | |  3.6
Spellcasting   | |  2.6

Action                   |  1- 3 |  4- 6 || total
-------------------------+-------+-------++-------
Melee: Unarmed           |    96 |    66 ||   162
       Headbutt          |    10 |     3 ||    13
 Cast: Beastly Appendage |    25 |     4 ||    29
       Spider Form       |       |     2 ||     2
 Abil: Spit Poison       |    26 |    17 ||    43
  Use: Potion            |       |     6 ||     6
Armor: Robe              |    45 |     8 ||    53
Dodge: Dodged            |    94 |    65 ||   159

Table legend: (Time is in decaauts)
 A = Elapsed time spent in this place.
 B = Non-inter-level travel time spent in this place.
 C = Inter-level travel time spent in this place.
 D = Time resting spent in this place.
 E = Time spent auto-exploring this place.
 F = Levels seen in this place.
 G = Mean time per level.
                   A        B        C        D        E       F      G
               +--------+--------+--------+--------+--------+-----+--------+
         Total |   4451 |   4288 |    163 |      2 |   3803 |   4 | 1112.8 |
       Dungeon |   4451 |   4288 |    163 |      2 |   3803 |   4 | 1112.8 |
               +--------+--------+--------+--------+--------+-----+--------+

Top non-repeatable levels by time:
     D:3: 1821 daAuts
     D:2: 1323 daAuts
     D:1: 1035 daAuts
     D:4: 271 daAuts
